Map: Ulrena

Players

llllllllllll - Winner!

  • Race: Zerg Zerg
  • League: Grandmaster

State

  • Race: Protoss Protoss
  • League: Grandmaster

VOD

Have the link to the VOD?

Description

Time

  • Played on: Dec. 27, 2015, 11:59 p.m.
  • Length: 6:29
Show
View Real Time Build Order
Export as new Build Order

llllllllllll Zerg - Winner!

Build Orders: Hatch First 

Get SALT Encoding   

  12  0:01  Drone  
  13  0:12  Overlord  
  13  0:17  Drone  
  14  0:31  Drone x2  
  14  0:34  Drone  
  17  0:52  Hatchery  
  17  0:55  Drone  
  17  0:59  Drone  
  18  1:08  Extractor  
  17  1:13  Spawning Pool  
  17  1:17  Drone  
  17  1:19  Drone  
  18  1:28  Drone  
  19  1:39  Overlord  
  19  1:50  Drone  
  20  1:59  Queen  
  20  2:00  Zergling x2  
  23  2:03  Queen  
  23  2:04  Drone  
  26  2:11  Metabolic Boost  
  26  2:16  Drone x2  
  28  2:24  Drone  
  28  2:25  Drone  
  30  2:37  Hatchery  
  30  2:42  Drone x2  
  31  2:45  Overlord  
  31  2:51  Zergling x2  
  32  2:55  Zergling x2  
  33  3:01  Drone  
  34  3:09  Zergling x2  
  34  3:11  Drone x5  
  40  3:13  Overlord  
  40  3:14  Queen  
  40  3:17  Drone  
  43  3:21  Drone  
  44  3:30  Overlord  
  44  3:35  Drone x2  
  44  3:38  Extractor  
  45  3:42  Drone x3, Extractor  
  45  3:43  Drone x2  
  45  3:44  Drone  
  50  3:49  Roach Warren, Drone  
  50  3:58  Overlord  
  50  3:59  Drone  
  51  4:03  Overlord  
  51  4:04  Drone x2  
  53  4:12  Drone  
  53  4:15  Drone x2  
  53  4:17  Drone x2  
  57  4:20  Overlord  
  58  4:30  Drone  
  59  4:32  Roach x4  
  59  4:36  Roach x2  
  71  4:42  Roach  
  71  4:43  Roach  
  71  4:44  Roach  
  77  4:46  Roach x2  
  77  4:49  Overlord  
  81  4:54  Zergling x8  
  81  4:55  Zergling x2  
  86  5:01  Overlord  
  86  5:02  Ravager x3  
  86  5:03  Ravager  
  86  5:04  Overlord  
  90  5:10  Roach x2, Zergling x4  
  96  5:17  Zergling x4  
  96  5:19  Overlord  
  97  5:28  Zergling x20  
  98  5:31  Lair  
  98  5:35  Zergling x2  
  99  5:40  Zergling x4  
  98  5:53  Zergling x2  
  98  5:54  Zergling x4  
  98  5:56  Zergling x2  
  100  6:01  Zergling x2  
  100  6:02  Zergling x2  
  95  6:06  Zergling x6  
  95  6:08  Zergling x2  
  95  6:09  Zergling x6  
Show
View Real Time Build Order
Export as new Build Order

State Protoss 

Build Orders: 1 Gate Expand 

Get SALT Encoding   

  12  0:01  Probe (Chrono Boost)  
  13  0:12  Probe (Chrono Boost)  
  14  0:19  Pylon  
  14  0:22  Probe (Chrono Boost)  
  15  0:37  Probe (Chrono Boost)  
  15  0:40  Gateway  
  16  0:45  Assimilator  
  16  0:48  Probe (Chrono Boost)  
  17  0:58  Probe (Chrono Boost)  
  18  1:09  Probe (Chrono Boost)  
  19  1:21  Nexus  
  19  1:24  Probe (Chrono Boost)  
  20  1:34  Cybernetics Core  
  20  1:37  Probe (Chrono Boost)  
  21  1:44  Assimilator  
  21  1:48  Probe (Chrono Boost)  
  21  1:53  Pylon  
  22  1:58  Probe (Chrono Boost)  
  23  2:10  Warp Gate  
  23  2:11  Probe (Chrono Boost), Adept  
  26  2:22  Mothership Core (Chrono Boost)  
  28  2:32  Pylon  
  28  2:34  Probe (Chrono Boost)  
  28  2:39  Adept  
  28  2:40  Probe (Chrono Boost)  
  31  2:45  Probe (Chrono Boost)  
  31  2:49  Twilight Council  
  31  2:51  Probe (Chrono Boost)  
  33  2:56  Probe (Chrono Boost)  
  34  3:01  Probe (Chrono Boost)  
  35  3:06  Gateway  
  35  3:07  Probe (Chrono Boost)  
  35  3:12  Probe (Chrono Boost)  
  37  3:17  Probe (Chrono Boost)  
  38  3:24  Gateway  
  38  3:32  Probe (Chrono Boost)  
  38  3:33  Probe (Chrono Boost), Resonating Glaives (Chrono Boost)  
  40  3:35  Gateway  
  40  3:40  Pylon  
  40  3:43  Probe (Chrono Boost)  
  40  3:44  Probe (Chrono Boost)  
  42  3:53  Probe (Chrono Boost), Pylon  
  42  3:55  Probe (Chrono Boost)  
  44  3:58  Assimilator  
  44  4:01  Assimilator  
  44  4:04  Probe (Chrono Boost)  
  45  4:12  Probe (Chrono Boost)  
  45  4:16  Stargate  
  46  4:17  Stargate  
  46  4:18  Zealot  
  46  4:22  Probe (Chrono Boost)  
  46  4:23  Probe (Chrono Boost)  
  50  4:32  Probe  
  50  4:35  Probe  
  52  4:38  Adept x3  
  52  4:39  Adept  
  52  4:42  Probe  
  61  4:47  Probe  
  62  4:56  Nexus  
  62  5:05  Phoenix (Chrono Boost)  
  62  5:06  Phoenix (Chrono Boost)  
  66  5:09  Probe  
  66  5:10  Probe  
  68  5:24  Pylon  
  60  5:31  Adept  
  60  5:32  Adept x3  
  66  5:36  Phoenix x2 (Chrono Boost)  
  66  5:40  Pylon  
  68  5:44  Pylon  
  62  5:58  Adept, Phoenix x2 (Chrono Boost)  
  62  5:59  Adept  
  62  6:03  Adept x2  
  67  6:10  Probe x2  
  56  6:16  Probe  
  56  6:17  Adept  
Tags
 
Add a new tag
Caveats
  • Supply blocks, unpowered buildings, or Contaminate may cause inaccurate times.
  • Supply counts are checked every 10 seconds.